 Dungeon Crawl Stone Soup version 0.13-a0-2318-gf5ad1f9 (webtiles) character file.

255 Grabo the Agent of Entropy (level 4, -2/34 HPs)
             Began as a Demonspawn Abyssal Knight on July 10, 2013.
             Was a Priest of Lugonu.
             Succumbed to a goblin's poison
             ... on Level 3 of the Dungeon.
             The game lasted 00:05:34 (2402 turns).

Grabo the Agent of Entropy (DsAK)                   Turns: 2402, Time: 00:05:34

HP  -2/34        AC  6     Str 13      XL: 4   Next: 74%
MP   7/7         EV  8     Int 13      God: Lugonu [***...]
Gold 136         SH  0     Dex 13      Spells:  0 memorised,  3 levels left

Res.Fire  : . . .   See Invis. : .   a - +2,+3 mace
Res.Cold  : . . .   Warding    : .   b - +0 scale mail
Life Prot.: . . .   Conserve   : .   (no shield)
Res.Poison: .       Res.Corr.  : .   (no helmet)
Res.Elec. : .       Clarity    : .   (no cloak)
Sust.Abil.: . .     Spirit.Shd : .   (no gloves)
Res.Mut.  : .       Stasis     : .   (no boots)
Res.Rott. : .       Flight     : .   (no amulet)
Saprovore : . . .                    (no ring)
                                     (no ring)

@: extremely poisoned, slightly resistant to hostile enchantments, extremely
unstealthy
A: claws 2
a: Depart the Abyss, Bend Space, Banish, Renounce Religion


You were on level 3 of the Dungeon.
You worshipped Lugonu.
Lugonu was greatly pleased with you.
You were not hungry.

You visited 1 branch of the dungeon, and saw 3 of its levels.
You visited the Abyss 1 time.

You collected 116 gold pieces.

Inventory:

Hand weapons
 a - a +2,+3 mace (weapon)
Missiles
 h - 31 stones (quivered)
Armour
 b - a +0 scale mail (worn)
Comestibles
 c - a bread ration
 i - a meat ration
Scrolls
 e - 3 scrolls of identify
 j - 2 scrolls of remove curse
 m - 2 scrolls of enchant weapon II
Potions
 g - 3 potions of heal wounds


   Skills:
 - Level 3.0 Fighting
 + Level 3.4 Maces & Flails
 - Level 1.7 Armour
 - Level 0.8 Dodging
 + Level 4.9 Invocations


You had 3 spell levels left.
You didn't know any spells.

Dungeon Overview and Level Annotations

Branches:
Dungeon (3/27)

Altars:

Annotations
D:2 Terence


Innate Abilities, Weirdness & Mutations

You have very sharp fingernails.


Message History

The goblin is almost dead.
You feel very sick.
The goblin hits you with an uncursed dagger of venom.
You are more poisoned.
Your scale mail prevents you from hitting the goblin.
The goblin is severely wounded.
You feel extremely sick. The goblin barely misses you.
The goblin completely misses you.
You thump the goblin!
You kill the goblin!
Lugonu accepts your kill.
You feel sick.
No target in view!
* * * LOW HITPOINT WARNING * * *
You feel extremely sick.
Things that are here:
an uncursed dagger of venom; an uncursed sling; 14 stones Drink which item? (? for menu, Esc to quit)
You feel refreshed.
It was a potion of restore abilities.
You die...

. #.%.### ##.. #.....#
..... ###...# .....$
#...# #..... #.###
..... #.# ##### #...
######.###...#
..###...##...##.......#
.......%@.............#
..####.%(.............#
##%#######.###...# #.
###.# #...# .. #...#
#...# ... #...# #...#
#... ###...# #.###
....###...#.###.#
............#...#


There were no monsters in sight!

Vanquished Creatures
  3 gnolls (D:2)
  3 adders
  A worm (D:2)
  4 giant geckos
  5 bats
  6 giant cockroaches
  8 goblins
  4 hobgoblins
  4 kobolds
  A quokka (D:3)
  2 giant newts (D:2)
  5 jackals (D:3)
  10 rats
56 creatures vanquished.

Notes
Turn   | Place    | Note
--------------------------------------------------------------
     0 | Abyss:1  | Grabo, the Demonspawn Abyssal Knight, began the quest for the Orb.
     0 | Abyss:1  | Reached XP level 1. HP: 16/16 MP: 1/1
    70 | Abyss:1  | Noticed an orange demon
    72 | D:1      | Escaped the Abyss
   441 | D:1      | Gained mutation: You have sharp fingernails. [demonic ancestry]
   441 | D:1      | Reached XP level 2. HP: 17/22 MP: 2/2
   563 | D:1      | Acquired Lugonu's second power
  1060 | D:2      | Gained mutation: You have very sharp fingernails. [demonic ancestry]
  1060 | D:2      | Reached XP level 3. HP: 15/28 MP: 4/4
  1254 | D:2      | Reached skill level 4 in Invocations
  1563 | D:2      | Noticed Terence
  1809 | D:2      | Reached XP level 4. HP: 34/34 MP: 6/6
  2338 | D:3      | Acquired Lugonu's third power
  2402 | D:3      | Succumbed to a goblin's poison

Action                   |  1- 3 |  4- 6 || total
-------------------------+-------+-------++-------
Melee: Mace              |   110 |    58 ||   168
Throw: Stone             |     8 |     3 ||    11
  Use: Scroll            |     7 |       ||     7
       Potion            |       |     1 ||     1
